 Dungeon Crawl Stone Soup version 0.30-a0-234-g97d66968fd (webtiles) character file.

Game seed: 4918388482312503603

60 qw the Chopper (level 4, -3/28 HPs)
             Began as a Gargoyle Fighter on Oct 9, 2022.
             Slain by a gnoll
             ... wielding a +0 spear
              (7 damage)
             ... on level 2 of the Dungeon.
             The game lasted 00:00:27 (1492 turns).

qw the Chopper (Gargoyle Fighter)                   Turns: 1492, Time: 00:00:28

Health: -3/28      AC: 10    Str: 22    XL:     4   Next: 4%
Magic:  4/4        EV:  9    Int:  8    God:
Gold:   50         SH:  4    Dex:  9    Spells: 3/3 levels left

rFire   . . .      SeeInvis .    Y - +0 war axe
rCold   . . .      Faith    .    c - +0 buckler
rNeg    + . .      Spirit   .    b - +0 scale mail
rPois   inf        Reflect  .    (no helmet)
rElec   +          Harm     .    (no cloak)
rCorr   .          Rampage  .    (no gloves)
Will    .....                    (no boots)
Stlth   ..........               (no amulet)
HPRegen 0.24/turn                (no ring)
MPRegen 0.09/turn                (no ring)

@: no status effects
A: sickness immunity, AC +3, negative energy resistance 1, electricity
resistance, torment resistance 1, petrification resistance
a: no special abilities


You were on level 2 of the Dungeon.
You visited 1 branch of the dungeon, and saw 2 of its levels.

You collected 50 gold pieces.


Innate Abilities, Weirdness & Mutations

You are immune to sickness and miasma.
Your stone body is resilient. (AC +3)
You are immune to poison.
You resist negative energy. (rN+)
You are resistant to electric shocks. (rElec)
You are resistant to unholy torment.
You are immune to petrification.


   Skills:
 - Level 3.2 Fighting
 + Level 3.8 Axes
 - Level 3.2 Armour
 - Level 3.2 Shields


You had 3 spell levels left.
You didn't know any spells.
Your spell library was empty.

Inventory:

Hand Weapons
 f - a +0 mace
 Y - a +0 war axe (weapon)
Armour
 b - a +0 scale mail (worn)
 c - a +0 buckler (worn)
 k - a +0 chain mail
Scrolls
 a - 5 scrolls of identify
 g - a scroll of poison {unknown}
Potions
 d - a potion of might
 e - 4 potions of curing
 h - a potion of berserk rage {unknown}
 i - a potion of degeneration {unknown}
 j - a potion of cancellation {unknown}
 l - a potion of mutation {unknown}

Dungeon Overview and Level Annotations

Branches:
Dungeon (2/15)

Altars:


Message History

l - a blue potion A gnoll comes into view.
It is wielding a +0 club.
The gnoll shouts!
You hear a shout!
A gnoll comes into view. It is wielding a +1 vorpal spear.
1477 ||| Stepping ~*~*~tactically~*~*~ (stealth).
The gnoll shouts!
1480 ||| Stepping ~*~*~tactically~*~*~ (hiding).
You start waiting.
A gnoll is nearby!
You hit the gnoll.
The gnoll is moderately wounded.
You block the gnoll's attack.
You hit the gnoll but do no damage.
The gnoll is moderately wounded.
The gnoll closely misses you.
You barely miss the gnoll.
The gnoll is moderately wounded.
The gnoll closely misses you. The gnoll hits you with a +0 club.
You hit the gnoll.
The gnoll is heavily wounded.
The gnoll hits you with a +0 club.
You slash the gnoll!
You kill the gnoll!
You block the gnoll's attack.
You have reached level 4!
You feel stronger. 2 gnolls come into view.
The gnoll shouts! x2; You hear a shout!
The gnoll hits you with a +1 vorpal spear.
Things that are here:
a +0 club; a gnoll corpse You hit the gnoll but do no damage.
The gnoll hits you with a +1 vorpal spear.
The gnoll hits you but does no damage. x2
You completely miss the gnoll.
The gnoll hits you from afar with a +0 spear.
The gnoll hits you but does no damage.
A hobgoblin comes into view.
You barely miss the gnoll.
The gnoll hits you from afar with a +0 spear!
You die...

...#####>#######
#..
................ ..
.......#.#######
[#.##...###### #
##.......####..# #
#..#####........
#.##.#####.........
#...%%....[#..###..
###.....@###.##
######g.g..#
...g.## #.###..# #.
#..# [. #g# ## ...
#.


You could see 3 gnolls and a hobgoblin.

Vanquished Creatures
  2 adders (D:2)
  A gnoll (D:2)
  A dart slug (D:1)
  2 ball pythons (D:2)
  2 bats (D:1)
  6 endoplasms
  5 goblins (D:1)
  3 hobgoblins (D:1)
  2 kobolds (D:1)
  A quokka (D:2)
  A frilled lizard (D:1)
  2 rats (D:1)
28 creatures vanquished.

Notes
Turn   | Place    | Note
-------+----------+-------------------------------------------
     0 | D:1      | qw the Gargoyle Fighter began the quest for the Orb.
     0 | D:1      | Reached XP level 1. HP: 14/14 MP: 1/1
     0 | D:1      | 0 ||| qw: Version: 0.2-a-17-g06abaee
     0 | D:1      | 0 ||| qw: Game counter: 2328
     0 | D:1      | 0 ||| qw: Always use a shield: true
     0 | D:1      | 0 ||| qw: God list: Okawaru
     0 | D:1      | 0 ||| qw: Allow faded altars: false
     0 | D:1      | 0 ||| qw: Do Orc after D:15 true
     0 | D:1      | 0 ||| qw: Do second Lair branch before Depths: true
     0 | D:1      | 0 ||| qw: Lair rune preference: random
     0 | D:1      | 0 ||| qw: Plans: Normal, Zot:1-4, God:TSO, Crypt, Tomb,
                  | Pan, Slime:5, Hells, Abyss, Orb
     0 | D:1      | 0 ||| PLANNING D:1-11
   102 | D:1      | Reached XP level 2. HP: 19/19 MP: 2/2
   602 | D:1      | 602 ||| Stepping ~*~*~tactically~*~*~ (stealth).
   649 | D:1      | Reached skill level 3 in Axes
   829 | D:1      | Reached XP level 3. HP: 8/23 MP: 3/3
  1262 | D:1      | 1262 ||| READING 2 scrolls labelled PUCWYI YGYIRY.
  1263 | D:1      | 1263 ||| DRINKING 2 lumpy green potions.
  1477 | D:2      | 1477 ||| Stepping ~*~*~tactically~*~*~ (stealth).
  1480 | D:2      | 1480 ||| Stepping ~*~*~tactically~*~*~ (hiding).
  1489 | D:2      | Reached XP level 4. HP: 17/28 MP: 4/4
  1490 | D:2      | HP: 7/28 [gnoll/+1 vorpal spear (5)]
  1492 | D:2      | Slain by a gnoll

Levels and vault maps discovered:
D:1:      dpeg_arrival_central, layout_basic, dk_noncrumbling_2,
          grunt_decor_clamped
D:2:      layout_rooms

Skill      XL: |  1  2 |
---------------+-------+-----
Axes           | 2 3 |  3.8
Fighting       | |  3.2
Armour         | |  3.2
Shields        | |  3.2

Action                   |  1- 3 |  4- 6 || total
-------------------------+-------+-------++-------
Melee: War axe           |    81 |     3 ||    84
  Use: Scroll            |     1 |       ||     1
       Potion            |     1 |       ||     1
Armor: Scale mail        |    29 |     3 ||    32
Dodge: Dodged            |    36 |       ||    36
Block: Buckler           |    14 |       ||    14

Table legend:
 A = Non-vault XP
 B = Vault XP
 C = Vault XP percentage of total XP
 D = Non-vault monster count
 E = Vault monster count
 F = Vault count percentage of total count
                 A         B        C        D         E       F
            +---------+---------+-------+---------+---------+-------
      Total |      86 |       0 |   0.0 |      28 |       0 |   0.0
            +---------+---------+-------+---------+---------+-------
        D:1 |      38 |       0 |   0.0 |      21 |       0 |   0.0
        D:2 |      48 |       0 |   0.0 |       7 |       0 |   0.0
            +---------+---------+-------+---------+---------+-------
